 Dungeon Crawl Stone Soup version 0.29.1-15-g9cfb28693d (webtiles) character file.

Game seed: 3131228187640255911

59 devnull the Poker (level 4, -2/33 HPs)
             Began as a Merfolk Gladiator on Apr 2, 2023.
             Slain by an orc
             ... wielding a +0 dagger
              (4 damage)
             ... on level 4 of the Dungeon.
             The game lasted 00:02:59 (1933 turns).

devnull the Poker (Merfolk Gladiator)               Turns: 1933, Time: 00:02:59

Health: -2/33      AC:  4    Str: 13 (16) XL:     4   Next: 3%
Magic:  4/4        EV: 12    Int:  5 (7)  God:
Gold:   117        SH:  3    Dex: 13 (15) Spells: 3/3 levels left

rFire   . . .      SeeInvis .   a - +0 trident
rCold   . . .      Faith    .   j - +0 buckler
rNeg    . . .      Spirit   .   b - +0 leather armour
rPois   .          Reflect  .   c - +0 helmet
rElec   .          Harm     .   (no cloak)
rCorr   .          Rampage  .   (no gloves)
Will    .....                   (no boots)
Stlth   +.........              (no amulet)
HPRegen 0.11/turn               (no ring)
MPRegen 0.09/turn               (no ring)

@: no status effects
A: (nimble swimmer 2), mertail
a: no special abilities


You were on level 4 of the Dungeon.
You visited 1 branch of the dungeon, and saw 4 of its levels.

You collected 117 gold pieces.

Inventory:

Hand Weapons
 a - a +0 trident (weapon)
Missiles
 d - 3 throwing nets (quivered)
 e - a javelin
Armour
 b - a +0 leather armour (worn)
 c - a +0 helmet (worn)
 j - a +0 buckler (worn)
Scrolls
 l - a scroll of teleportation
 n - a scroll of blinking
Potions
 g - a potion of brilliance {unknown}
 h - a potion of invisibility {unknown}
 i - a potion of flight {unknown}
 k - 2 potions of mutation
 m - a potion of lignification {unknown}
 o - a potion of degeneration


   Skills:
 - Level 2.1 Fighting
 + Level 6.3 Polearms
 - Level 2.0 Throwing
 - Level 4.0 Dodging


You had 3 spell levels left.
You didn't know any spells.
Your spell library contained the following spells:

 Spells                   Type           Power      Damage    Failure   Level
 Dazzling Flash           Conj/Hex       0%         N/A       96%         3
 Iskenderun's Mystic Bla  Conj/Tloc      0%         2d3       100%        4
 Starburst                Conj/Fire      0%         6d3       100%        6


Dungeon Overview and Level Annotations

Branches:
Dungeon (3/15)

Altars:


Innate Abilities, Weirdness & Mutations

((You are very nimble when in or above water. (Stealth+, EV+, Speed+++)))
Your lower body shifts to a powerful aquatic tail in water.


Message History

The orc attacks as you move away! The orc closely misses you.
A jelly comes into view.
The orc attacks as you move away! The orc hits you but does no damage.
The orc attacks as you move away! The orc closely misses you.
The orc hits you with a +0 dagger.
* * * LOW HITPOINT WARNING * * *
The orc attacks as you move away! You block the orc's attack.
Your hobgoblin closely misses the orc.
The orc attacks as you move away! The orc barely misses you.
Your adder bites the phantom.
The orc barely misses your hobgoblin.
Your hobgoblin hits the orc.
The orc dies!
You have reached level 4!
The orc barely misses you. The orc closely misses you.
Your hobgoblin hits the orc. The orc attacks as you move away!
You block the orc's attack. The orc misses you.
Your hobgoblin closely misses the orc.
Your adder closely misses the phantom.
The orc hits your hobgoblin with a +0 falchion!
Your hobgoblin dies!
Your hobgoblin's corpse dissolves into shadows!
Your hobgoblin hits the orc. You hit the orc.
You kill the orc!
The phantom completely misses your hobgoblin.
You hit the orc.
The orc is severely wounded.
Your adder closely misses the phantom.
Your hobgoblin closely misses the phantom.
The orc hits you with a +0 falchion.
* * * LOW HITPOINT WARNING * * *
The phantom closely misses your hobgoblin.
Your adder bites the phantom.
It was a potion of degeneration.
There was something very wrong with that liquid.
You feel weakened.
You feel dopey.
You feel clumsy.
Your hobgoblin hits the phantom but does no damage.
Your adder closely misses the phantom.
The orc drinks a potion.
The orc is healed!
The orc hits you with a +0 dagger.
You die...

..##...... .
#.........##### #..
.#...........#.....
...................
###..........###....
#..!......##........
######....J....##...#....
#........).g......#......
#.###.....@oWS.###....##.
####......####o.......####
#........## ######..##
#........# .....
#......o.# #### #........#
###...#### ##.### #..#


You could see a phantom (ally target), a jelly, 2 orcs, a friendly adder
(summoned) and a friendly hobgoblin (summoned).

Vanquished Creatures
  A gnoll (D:1)
  An adder (D:2)
  2 dart slugs
  An orc (D:4)
  3 ball pythons
  6 bats
  3 endoplasms
  6 hobgoblins
  2 frilled lizards
  2 goblins
  2 kobolds (D:1)
  3 rats
32 creatures vanquished.

Vanquished Creatures (collateral kills)
  An orc (D:4)
1 creature vanquished.

Grand Total: 33 creatures vanquished

Notes
Turn   | Place    | Note
-------+----------+-------------------------------------------
     0 | D:1      | devnull the Merfolk Gladiator began the quest for the Orb.
     0 | D:1      | Reached XP level 1. HP: 16/16 MP: 1/1
   325 | D:1      | Reached XP level 2. HP: 15/22 MP: 2/2
   560 | D:1      | Reached skill level 5 in Polearms
   658 | D:1      | Reached XP level 3. HP: 19/27 MP: 3/3
  1182 | D:2      | Reached skill level 6 in Polearms
  1884 | D:3      | You fall into a shaft and drop 1 floor!
  1894 | D:4      | Noticed a phantom
  1928 | D:4      | Reached XP level 4. HP: 5/33 MP: 4/4
  1933 | D:4      | Slain by an orc

Illustrated notes

Levels and vault maps discovered:
D:1:      lemuel_arrival_muddy, layout_loops_ring, serial_park_tiny_2
D:2:      layout_loops_ring
D:3:      layout_loops_ring, nicolae_uskayaw_suspiria, minmay_misc_feat_alley
D:4:      layout_rooms, led_sif_pool, serial_glass, glass_columns_a,
          glass_columns_a

Skill      XL: |  1  2  3 |
---------------+----------+-----
Polearms       | 5 6 |  6.3
Fighting       | |  2.1
Throwing       | |  2.0
Dodging        | |  4.0

Action                   |  1- 3 |  4- 6 || total
-------------------------+-------+-------++-------
Melee: Trident           |    86 |     2 ||    88
  Use: Scroll            |     5 |       ||     5
       Potion            |       |     1 ||     1
 Stab: Sleeping          |     7 |       ||     7
Armor: Leather armour    |    16 |       ||    16
Dodge: Dodged            |    42 |     3 ||    45
Block: Buckler           |     7 |     1 ||     8
